 Dungeon Crawl Stone Soup version 0.25.0-11-g1f837a7 (webtiles) character file.

Game seed: 582439184719477139

136 ratboy the Chucker (level 4, -8/38 HPs)
             Began as a Demigod Hunter on June 25, 2020.
             Mangled by an ogre
             ... wielding a +0 giant club
              (24 damage)
             ... on level 5 of the Dungeon.
             The game lasted 00:05:26 (1036 turns).

ratboy the Chucker (Demigod Hunter)                 Turns: 1036, Time: 00:05:27

Health: -8/38      AC:  3    Str: 17    XL:     4   Next: 67%
Magic:  6/6        EV: 12    Int: 15    God:
Gold:   154        SH:  0    Dex: 16    Spells: 3/3 levels left

rFire    + . .     SeeInvis .   a - +0 short sword
rCold    + . .     Gourm    .   (no shield)
rNeg     . . .     Faith    .   s - +0 robe {rC+ rF+}
rPois    .         Spirit   .   p - +1 hat
rElec    .         Reflect  .   (no cloak)
rCorr    .         Harm     .   (no gloves)
MR       .....                  (no boots)
Stlth    ++........             (no amulet)
HPRegen  0.12/turn              (no ring)
MPRegen  0.10/turn              (no ring)

@: no status effects
A: high mp 1
a: no special abilities


You were on level 5 of the Dungeon.
You were very hungry.

You visited 1 branch of the dungeon, and saw 6 of its levels.

You collected 154 gold pieces.

Inventory:

Hand Weapons
 a - a +0 short sword (weapon)
Missiles
 c - 5 javelins
 d - a throwing net
 e - 108 stones
 l - 4 poisoned darts (quivered)
Armour
 p - a +1 hat (worn)
 s - a +0 robe of resistance (worn)
Jewellery
 i - an uncursed ring of poison resistance {unknown}
Scrolls
 g - a scroll of teleportation {unknown}
 j - a scroll of enchant armour {unknown}
 k - 2 scrolls of amnesia {unknown}
 m - 3 scrolls of identify {unknown}
 o - a scroll of fog {unknown}
 r - a scroll of remove curse {unknown}
Potions
 b - a potion of curing {unknown}
 n - a potion of brilliance {unknown}
 q - a potion of stabbing {unknown}
Comestibles
 f - 3 rations
 h - 3 chunks of flesh


   Skills:
 + Level 3.5 Fighting
 + Level 4.8 Throwing
 - Level 1.7 Dodging
 - Level 0.8 Stealth


You had 3 spell levels left.
You didn't know any spells.
Your spell library was empty.

Dungeon Overview and Level Annotations

Branches:
Dungeon (6/15)
 Temple: D:4-7


Innate Abilities, Weirdness & Mutations

You have an increased reservoir of magic. (+10% MP)


Message History

Press: ? - help, Shift-Dir - straight line, f/p - ogre
Aim: an ogre, wielding a +0 giant club (lightly wounded, very poisoned)
You throw a poisoned dart. The poisoned dart hits the ogre!
The ogre looks as sick as possible!
The ogre is lightly wounded.
Throwing (i - inventory. (/) - cycle)
l - 6 poisoned darts (quivered)
Press: ? - help, Shift-Dir - straight line, f/p - ogre
Aim: an ogre, wielding a +0 giant club (severely wounded, very poisoned)
You throw a poisoned dart. The poisoned dart hits the ogre.
The ogre looks as sick as possible!
The ogre is severely wounded.
Throwing (i - inventory. (/) - cycle)
l - 5 poisoned darts (quivered)
Press: ? - help, Shift-Dir - straight line, f/p - ogre
Aim: an ogre, wielding a +0 giant club (severely wounded, extremely poisoned)
You throw a poisoned dart. The poisoned dart hits the ogre!
The ogre looks as sick as possible!
The ogre is severely wounded.
The ogre hits you with a +0 giant club!!
Ouch! That really hurt!
You die...

##..###..##+### #..# ....
#.............#..... ...
#.............+..... ..#
#.............#.... ..
#.............#.. #.#
###'###.......# #####..
##...##.......#
.......####....##......##
#.....(Op.<##......#
#.##.##....# ....... .(
#...#....# .... ..(
..........# ##.
#.#...#....# ..
###..##..### # .......#
#.##...#


You could see an ogre (extremely poisoned).

Vanquished Creatures
  A bullfrog zombie (D:5)
  An iguana (D:5)
  2 adders
  2 river rats (D:5)
  A worm (D:5)
  A dart slug (D:3)
  2 leopard geckos
  2 orcs
  2 giant cockroaches
  5 goblins
  3 hobgoblins
  7 kobolds
  3 quokkas
  A ball python (D:2)
  A frilled lizard (D:2)
  A leopard gecko zombie (D:5)
  4 rats
39 creatures vanquished.

Notes
Turn   | Place    | Note
-------+----------+-------------------------------------------
     0 | D:1      | ratboy the Demigod Hunter began the quest for the Orb.
     0 | D:1      | Reached XP level 1. HP: 17/17 MP: 3/3
   148 | D:2      | Reached XP level 2. HP: 13/24 MP: 4/4
   353 | D:3      | Reached skill level 4 in Throwing
   384 | D:3      | Reached XP level 3. HP: 4/30 MP: 5/5
   579 | D:4      | Noticed an ogre
   596 | D:5      | Entered Level 5 of the Dungeon
   684 | D:6      | Noticed an orc warrior
   698 | D:6      | Noticed a phantom
   757 | D:5      | Reached XP level 4. HP: 8/38 MP: 6/6
  1022 | D:5      | Noticed an ogre
  1036 | D:5      | Mangled by an ogre

Illustrated notes

Levels and vault maps discovered:
D:1:      dpeg_arrival_short_road, layout_basic
D:2:      layout_basic
D:3:      layout_rooms, first_ration, uniq_crazy_yiuf_cottage
D:4:      layout_rooms, corexii_hall_statues_i, uniq_ijyb
D:5:      layout_gridville, lightli_sewer_entry_pipes,
          hangedman_decor_clover_reticule, nicolae_gozag_seed_capital
D:6:      layout_rooms, temple_hall

Skill      XL: |  1  2  3 |
---------------+----------+-----
Fighting       | 2 3 |  3.5
Throwing       | 4 |  4.8
Dodging        | |  1.7
Stealth        | |  0.8

Action                   |  1- 3 |  4- 6 || total
-------------------------+-------+-------++-------
Melee: Short sword       |    82 |    29 ||   111
Throw: Javelin           |    10 |       ||    10
       Dart              |    16 |     8 ||    24
       Throwing net      |     1 |     1 ||     2
 Stab: Sleeping          |     1 |       ||     1
       Held in net/web   |     1 |       ||     1
Armor: Leather armour    |    20 |       ||    20
       Robe              |     5 |     4 ||     9
Dodge: Dodged            |    57 |    17 ||    74
